Workbook
Name \s: #N/A
Name _01: #REF!
Name _01: #REF!
Name _01_4: #REF!
Name _01_4: #REF!
Name _10Excel_BuiltIn_Print_Area_1_1_1: #REF!
Name _10Excel_BuiltIn_Print_Area_1_1_1: #REF!
Name _11Excel_BuiltIn_Print_Area_1_1_1_1: #REF!
Name _12Excel_BuiltIn_Print_Area_1_1_1_1_1: #REF!
Name _13Excel_BuiltIn_Print_Area_5_1: #REF!
Name _14Excel_BuiltIn_Print_Area_5_1_1: "$#REF!.$A$1:$F$49"
Name _15Excel_BuiltIn_Print_Area_7_1: #REF!
Name _15Excel_BuiltIn_Print_Area_7_1: #REF!
Name _16ILUM_4_1: "$#REF!.$#REF!$#REF!"
Name _17INTE_4_1: "$#REF!.$#REF!$#REF!"
Name _18PARA_4_1: "$#REF!.$#REF!$#REF!"
Name _1CABO_4_1: "$#REF!.$#REF!$#REF!"
Name _2CAIX_4_1: "$#REF!.$#REF!$#REF!"
Name _3CDT_4_1: "$#REF!.$#REF!$#REF!"
Name _4COND_4_1: "$#REF!.$#REF!$#REF!"
Name _5CONE_4_1: "$#REF!.$#REF!$#REF!"
Name _6DIVE_4_1: "$#REF!.$#REF!$#REF!"
Name _7EQUI_4_1: "$#REF!.$#REF!$#REF!"
Name _8Excel_BuiltIn_Print_Area_1: #REF!
Name _8Excel_BuiltIn_Print_Area_1: #REF!
Name _9Excel_BuiltIn_Print_Area_1_1: #REF!
Name _9Excel_BuiltIn_Print_Area_1_1: #REF!
Name _A99990: '[1]Climatização Prédio DECEA'!#REF!
Name _A99990: '[1]Climatização Prédio DECEA'!#REF!
Name _A99999: '[1]Climatização Prédio DECEA'!#REF!
Name _A99999: '[1]Climatização Prédio DECEA'!#REF!
Name _s: #REF!
Name _s: #REF!
Name Á1: #REF!
Name Á1: #REF!
Name AAAA: #REF!
Name AAAA: #REF!
Name ACRES: #REF!
Name ACRES_4: #REF!
Name Área_impressão_IM: #REF!
Name Área_impressão_IM: #REF!
Name Área_impressão_IM_1: #REF!
Name Área_impressão_IM_1: #REF!
Name Área_impressão_IM_1_4: '[2]ICEA - SJC'!#REF!
Name Área_impressão_IM_1_4: '[2]ICEA - SJC'!#REF!
Name Área_impressão_IM_4: #REF!
Name Área_impressão_IM_4: #REF!
Name arredondamento: #REF!
Name arredondamento: #REF!
Name BBBB: #REF!
Name BBBB: #REF!
Name bdi: #REF!
Name BuiltIn_AutoFilter___1: #REF!
Name CABO: "PQ.$#REF!$#REF!"
Name CABO_2: #REF!
Name CABO_2: #REF!
Name CABO_3: "$#REF!.$#REF!$#REF!"
Name CABO_4: "$#REF!.$#REF!$#REF!"
Name CABO_4_1: "$#REF!.$#REF!$#REF!"
Name CABO_5: "$#REF!.$#REF!$#REF!"

Sheet Orçamento
A1: ANEXO V-A DO EDITAL DE LICITAÇÃO POR RDC ELETRÔNICO N.º 12/2019/AD
A2: (razão social da empresa licitante)
A3: (n.º do CNPJ)
A4: MODELO DE PLANILHA DE ORÇAMENTO PARA EXECUÇÃO DE OBRA POR EMPREITADA POR PREÇO UNITÁRIO
A5: OBRA: Recuperação da laje de cobertura do passadiço, pilares e vigas e substituição do telhado de cobertura do passadiço da Escola de Engenharia Industrial e Metalurgica de Volta Redonda - EEIMVR
A6: LOCAL: Avenida dos Trabalhadores, 420, Vila Santa Cecília. Volta Redonda - RJ (CEP 27255-125)
E8: VALOR ESTIMADO UFF | J8: VALOR PROPOSTO
A9: ITEM | B9: FONTE | C9: CÓDIGO | D9: DESCRIÇÃO DO ITEM | E9: UNID. | F9: QUANT. | G9: CUSTO UNITÁRIO | H9: BDI (%) | I9: PREÇO UNITÁRIO | J9: % DESCONTO | K9: PREÇO (R$) | N9: TOTAL DO ITEM (R$)
K10: UNITÁRIO | L10: SUBITEM | M10: SERVIÇO
A11: 1 | B11: ADMINISTRAÇÃO DE OBRA | N11: =SUM(M12) -> 62762.814
A12: 1.1 | B12: ADMINISTRAÇÃO DE OBRA | M12: =SUM(L13:L15) -> 62762.814
A13: 1.1.1 | B13: SINAPI | C13: 90778 | D13: ENGENHEIRO CIVIL DE OBRA PLENO COM ENCARGOS COMPLEMENTARES | E13: H | F13: 132 | I13: 113.35084 | J13: =$J$76 -> 0 | K13: =I13*(1-J13) -> 113.35084 | L13: =K13*F13 -> 14962.31
A14: 1.1.2 | B14: SINAPI | C14: 93572 | D14: ENCARREGADO GERAL DE OBRAS COM ENCARGOS COMPLEMENTARES | E14: MES | F14: 6 | I14: 7918.8496 | J14: =$J$76 -> 0 | K14: =I14*(1-J14) -> 7918.8496 | L14: =K14*F14 -> 47513.098
A15: 1.1.3 | B15: Cotação | C15: 001 | D15: ART | E15: Und | F15: 1 | I15: 287.40585 | J15: =$J$76 -> 0 | K15: =I15*(1-J15) -> 287.40585 | L15: =K15*F15 -> 287.40585
A16: 2 | B16: SERVIÇOS PRELIMINARES | N16: =SUM(M17:M30) -> 54097.104
A17: 2.1 | B17: DEMOLIÇÕES E RETIRADAS | M17: =SUM(L18:L22) -> 5885.5831
A18: 2.1.1 | B18: SINAPI | C18: 97637 | D18: REMOÇÃO DE TAPUME/ CHAPAS METÁLICAS E DE MADEIRA, DE FORMA MANUAL, SEM REAPROVEITAMENTO. AF_12/2017 | E18: M2 | F18: 330 | I18: 3.12 | J18: =$J$76 -> 0 | K18: =I18*(1-J18) -> 3.12 | L18: =K18*F18 -> 1029.6
A19: 2.1.2 | B19: SINAPI | C19: 97626 | D19: DEMOLIÇÃO DE PILARES E VIGAS EM CONCRETO ARMADO, DE FORMA MANUAL, SEM REAPROVEITAMENTO. AF_12/2017 | E19: M3 | F19: 0.99 | I19: 664.41 | J19: =$J$76 -> 0 | K19: =I19*(1-J19) -> 664.41 | L19: =K19*F19 -> 657.7659
A20: 2.1.3 | B20: SINAPI | C20: 97628 | D20: DEMOLIÇÃO DE LAJES, DE FORMA MANUAL, SEM REAPROVEITAMENTO. AF_12/2017 | E20: M3 | F20: 4.36 | I20: 316.77 | J20: =$J$76 -> 0 | K20: =I20*(1-J20) -> 316.77 | L20: =K20*F20 -> 1381.1172
A21: 2.1.4 | B21: SINAPI | C21: 97647 | D21: REMOÇÃO DE TELHAS, DE FIBROCIMENTO, METÁLICA E CERÂMICA, DE FORMA MANUAL, SEM REAPROVEITAMENTO. AF_12/2017 | E21: M2 | F21: 110 | I21: 3.76 | J21: =$J$76 -> 0 | K21: =I21*(1-J21) -> 3.76 | L21: =K21*F21 -> 413.6
A22: 2.1.5 | B22: SINAPI | C22: 97655 | D22: REMOÇÃO DE TRAMA METÁLICA PARA COBERTURA, DE FORMA MANUAL, SEM REAPROVEITAMENTO. AF_12/2017 | E22: M2 | F22: 110 | I22: 21.85 | J22: =$J$76 -> 0 | K22: =I22*(1-J22) -> 21.85 | L22: =K22*F22 -> 2403.5
A23: 2.2 | B23: SINALIZAÇÃO E INSTALAÇÕES PROVISÓRIAS | M23: =SUM(L24:L29) -> 47780.784
A24: 2.2.1 | B24: SINAPI | C24: 74209/001 | D24: PLACA DE OBRA EM CHAPA DE ACO GALVANIZADO | E24: M2 | F24: 3.15 | I24: 567.27443 | J24: =$J$76 -> 0 | K24: =I24*(1-J24) -> 567.27443 | L24: =K24*F24 -> 1786.9145
A25: 2.2.2 | B25: SINAPI | C25: 98459 | D25: TAPUME COM TELHA METÁLICA. AF_05/2018 | E25: M2 | F25: 330 | I25: 85.52386 | J25: =$J$76 -> 0 | K25: =I25*(1-J25) -> 85.52386 | L25: =K25*F25 -> 28222.874
A26: 2.2.3 | B26: SINAPI | C26: 97010 | D26: GUARDA-CORPO FIXADO EM FÔRMA DE MADEIRA COM TRAVESSÕES EM MADEIRA PREGADA E FECHAMENTO EM TELA DE POLIPROPILENO PARA EDIFICAÇÕES COM ATÉ 2 PAVIMENTOS. AF_11/2017 | E26: M | F26: 140 | I26: 55.95849 | J26: =$J$76 -> 0 | K26: =I26*(1-J26) -> 55.95849 | L26: =K26*F26 -> 7834.1886
A27: 2.2.4 | B27: Composição | C27: 006 | D27: SC0 - ADAPTADA - AD 19.05.0100 (A) - Barracao de obra com parede de madeira, tipo chapa de madeira resinada com 10mm de espessura, pintadas internamente e externamente com PVA - latex, piso em concreto simples revestido com cimentado, estrutura de madeira serrada, cobertura de telhas onduladas de fibras vegetais e minerais com 3mm de espessura, inclusive instalacoes, esquadrias e ferragens, torre de madeira serrada com caixa d'agua em polietileno, capacidade de 500l, com utilizacao de 3 vezes (ferragens, madeiras, quadro de luz, acessorios eletricos e hidraulicos, caixa d'agua, telhas), exclusive as ligacoes provisorias e sanitarios. | E27: M2 | F27: 12 | I27: 422.61983 | J27: =$J$76 -> 0 | K27: =I27*(1-J27) -> 422.61983 | L27: =K27*F27 -> 5071.438
A28: 2.2.5 | B28: SINAPI | C28: 97063 | D28: MONTAGEM E DESMONTAGEM DE ANDAIME MODULAR FACHADEIRO, COM PISO METÁLICO, PARA EDIFICAÇÕES COM MÚLTIPLOS PAVIMENTOS (EXCLUSIVE ANDAIME E LIMPEZA). AF_11/2017 | E28: M2 | F28: 143.5 | I28: 13.615297 | J28: =$J$76 -> 0 | K28: =I28*(1-J28) -> 13.615297 | L28: =K28*F28 -> 1953.7951
A29: 2.2.6 | B29: SINAPI-I | C29: 20193 | D29: LOCACAO DE ANDAIME METALICO TIPO FACHADEIRO, LARGURA DE 1,20 M, ALTURA POR PECA DE 2,0 M, INCLUINDO SAPATAS E ITENS NECESSARIOS A INSTALACAO | E29: M2XMES | F29: 430.5 | I29: 6.763237 | J29: =$J$76 -> 0 | K29: =I29*(1-J29) -> 6.763237 | L29: =K29*F29 -> 2911.5735
A30: 2.3 | B30: DESTINAÇÃO FINAL DE ENTULHO | M30: =SUM(L31) -> 430.73762
A31: 2.3.1 | B31: Composição | C31: 009 | D31: TC 04.15.0100 (/) - RETIRADA DE ENTULHO DE OBRA EM CACAMBA DE ACO COM 5M3 DE CAPACIDADE, INCLUSIVE CARREGAMENTO DO CONTAINER, TRANSPORTE E DESCARGA, EXCLUSIVE TARIFA DE DISPOSICAO FINAL. | E31: M3 | F31: 5.35 | I31: 80.511705 | J31: =$J$76 -> 0 | K31: =I31*(1-J31) -> 80.511705 | L31: =K31*F31 -> 430.73762
A32: 3 | B32: RECUPERAÇÃO | N32: =SUM(M33:M53) -> 138743.78
A33: 3.1 | B33: VIGAS | M33: =SUM(L34:L44) -> 34510.837
A34: 3.1.1 | B34: Composição | C34: 002 | D34: SBC 160391 ADAPTADO- ESCOVAMENTO E LIXAMENTO DE SUPERFÍCIE DE CONCRETO EM FACHADAS | E34: M² | F34: 30.8 | I34: 40.515977 | J34: =$J$76 -> 0 | K34: =I34*(1-J34) -> 40.515977 | L34: =K34*F34 -> 1247.8921
A35: 3.1.2 | B35: SINAPI | C35: 99814 | D35: LIMPEZA DE SUPERFÍCIE COM JATO DE ALTA PRESSÃO. AF_04/2019 | E35: M2 | F35: 30.8 | I35: 2.182508 | J35: =$J$76 -> 0 | K35: =I35*(1-J35) -> 2.182508 | L35: =K35*F35 -> 67.221246
A36: 3.1.3 | B36: SINAPI | C36: 92776 | D36: ARMAÇÃO DE PILAR OU VIGA DE UMA ESTRUTURA CONVENCIONAL DE CONCRETO ARMADO EM UMA EDIFICAÇÃO TÉRREA OU SOBRADO UTILIZANDO AÇO CA-50 DE 6,3 MM - MONTAGEM. AF_12/2015 | E36: KG | F36: 94.34 | I36: 15.290245 | J36: =$J$76 -> 0 | K36: =I36*(1-J36) -> 15.290245 | L36: =K36*F36 -> 1442.4817
A37: 3.1.4 | B37: SINAPI | C37: 92778 | D37: ARMAÇÃO DE PILAR OU VIGA DE UMA ESTRUTURA CONVENCIONAL DE CONCRETO ARMADO EM UMA EDIFICAÇÃO TÉRREA OU SOBRADO UTILIZANDO AÇO CA-50 DE 10,0 MM - MONTAGEM. AF_12/2015 | E37: KG | F37: 40.22 | I37: 11.343966 | J37: =$J$76 -> 0 | K37: =I37*(1-J37) -> 11.343966 | L37: =K37*F37 -> 456.25431
A38: 3.1.5 | B38: SINAPI | C38: 92779 | D38: ARMAÇÃO DE PILAR OU VIGA DE UMA ESTRUTURA CONVENCIONAL DE CONCRETO ARMADO EM UMA EDIFICAÇÃO TÉRREA OU SOBRADO UTILIZANDO AÇO CA-50 DE 12,5 MM - MONTAGEM. AF_12/2015 | E38: KG | F38: 143.68 | I38: 9.833975 | J38: =$J$76 -> 0 | K38: =I38*(1-J38) -> 9.833975 | L38: =K38*F38 -> 1412.9455
A39: 3.1.6 | B39: Composição | C39: 012 | D39: ET 64.05.0050 (/) - ADAPTADO Aplicacao com Air Less de inibidor de corrosao Sika Ferrogard-903 ou similar em estrutura de comcreto armado nos servicos de recuperacao estrutural. Exclusive limpeza da estrutura.(desonerado) | E39: M2 | F39: 6.16 | I39: 46.733587 | J39: =$J$76 -> 0 | K39: =I39*(1-J39) -> 46.733587 | L39: =K39*F39 -> 287.8789
A40: 3.1.7 | B40: SINAPI | C40: 83736 | D40: REPARO/COLAGEM DE ESTRUTURAS DE CONCRETO COM ADESIVO ESTRUTURAL A BASE DE EPOXI, E=2 MM | E40: M2 | F40: 30.8 | I40: 252.2827 | J40: =$J$76 -> 0 | K40: =I40*(1-J40) -> 252.2827 | L40: =K40*F40 -> 7770.3071
A41: 3.1.8 | B41: Composição | C41: 007 | D41: ET 75.05.0150 (/) - ADAPTADO - FORNECIMENTO E APLICAÇÃO DE GROUT OU SIMILAR. | E41: M3 | F41: 2.38 | I41: 4516.0659 | J41: =$J$76 -> 0 | K41: =I41*(1-J41) -> 4516.0659 | L41: =K41*F41 -> 10748.237
A42: 3.1.9 | B42: SINAPI | C42: 92448 | D42: MONTAGEM E DESMONTAGEM DE FÔRMA DE VIGA, ESCORAMENTO COM PONTALETE DE MADEIRA, PÉ-DIREITO SIMPLES, EM MADEIRA SERRADA, 4 UTILIZAÇÕES. AF_12/2015 | E42: M2 | F42: 41.8 | I42: 119.25122 | J42: =$J$76 -> 0 | K42: =I42*(1-J42) -> 119.25122 | L42: =K42*F42 -> 4984.7011
A43: 3.1.10 | B43: Composição | C43: 008 | D43: 74245/001 - ADAPTADA - PINTURA ACRILICA EM CONCRETO - QUATRO DEMÃOS | E43: M2 | F43: 30.16 | I43: 41.086982 | J43: =$J$76 -> 0 | K43: =I43*(1-J43) -> 41.086982 | L43: =K43*F43 -> 1239.1834
A44: 3.1.11 | B44: Composição | C44: 011 | D44: SC 04.20.0300 - Perfuracao de concreto com perfuratriz pneumatica.(desonerado) | E44: m | F44: 49.6 | I44: 97.857568 | J44: =$J$76 -> 0 | K44: =I44*(1-J44) -> 97.857568 | L44: =K44*F44 -> 4853.7354
A45: 3.2 | B45: PILARES | M45: =SUM(L46:L52) -> 36819.043
A46: 3.2.1 | B46: Composição | C46: 005 | D46: SBC 20171 - ADAPTADA - ESCORAMENTO DE MADEIRA PARA SUPORTE DA ESTRUTURA | E46: M² | F46: 236 | I46: 76.375091 | J46: =$J$76 -> 0 | K46: =I46*(1-J46) -> 76.375091 | L46: =K46*F46 -> 18024.521
A47: 3.2.2 | B47: SINAPI | C47: 92776 | D47: ARMAÇÃO DE PILAR OU VIGA DE UMA ESTRUTURA CONVENCIONAL DE CONCRETO ARMADO EM UMA EDIFICAÇÃO TÉRREA OU SOBRADO UTILIZANDO AÇO CA-50 DE 6,3 MM - MONTAGEM. AF_12/2015 | E47: KG | F47: 154.63 | I47: 15.290245 | J47: =$J$76 -> 0 | K47: =I47*(1-J47) -> 15.290245 | L47: =K47*F47 -> 2364.3306
A48: 3.2.3 | B48: SINAPI | C48: 92778 | D48: ARMAÇÃO DE PILAR OU VIGA DE UMA ESTRUTURA CONVENCIONAL DE CONCRETO ARMADO EM UMA EDIFICAÇÃO TÉRREA OU SOBRADO UTILIZANDO AÇO CA-50 DE 10,0 MM - MONTAGEM. AF_12/2015 | E48: KG | F48: 302.56 | I48: 11.343966 | J48: =$J$76 -> 0 | K48: =I48*(1-J48) -> 11.343966 | L48: =K48*F48 -> 3432.2304
A49: 3.2.4 | B49: SINAPI | C49: 96257 | D49: MONTAGEM E DESMONTAGEM DE FÔRMA DE PILARES CIRCULARES, COM ÁREA MÉDIA DAS SEÇÕES MENOR OU IGUAL A 0,28 M², PÉ-DIREITO SIMPLES, EM MADEIRA, 2 UTILIZAÇÕES. AF_06/2017 | E49: M2 | F49: 40.08 | I49: 192.89818 | J49: =$J$76 -> 0 | K49: =I49*(1-J49) -> 192.89818 | L49: =K49*F49 -> 7731.359
A50: 3.2.5 | B50: SINAPI | C50: 92718 | D50: CONCRETAGEM DE PILARES, FCK = 25 MPA, COM USO DE BALDES EM EDIFICAÇÃO COM SEÇÃO MÉDIA DE PILARES MENOR OU IGUAL A 0,25 M² - LANÇAMENTO, ADENSAMENTO E ACABAMENTO. AF_12/2015 | E50: M3 | F50: 1.48 | I50: 620.92353 | J50: =$J$76 -> 0 | K50: =I50*(1-J50) -> 620.92353 | L50: =K50*F50 -> 918.96682
A51: 3.2.6 | B51: Composição | C51: 008 | D51: 74245/001 - ADAPTADA - PINTURA ACRILICA EM CONCRETO - QUATRO DEMÃOS | E51: M2 | F51: 40.08 | I51: 41.086982 | J51: =$J$76 -> 0 | K51: =I51*(1-J51) -> 41.086982 | L51: =K51*F51 -> 1646.7662
A52: 3.2.7 | B52: Composição | C52: 011 | D52: SC 04.20.0300 - Perfuracao de concreto com perfuratriz pneumatica.(desonerado) | E52: m | F52: 27.6 | I52: 97.857568 | J52: =$J$76 -> 0 | K52: =I52*(1-J52) -> 97.857568 | L52: =K52*F52 -> 2700.8689
A53: 3.3 | B53: LAJES | M53: =SUM(L54:L59) -> 67413.9
A54: 3.3.1 | B54: Composição | C54: 002 | D54: SBC 160391 ADAPTADO- ESCOVAMENTO E LIXAMENTO DE SUPERFÍCIE DE CONCRETO EM FACHADAS | E54: M² | F54: 108.88 | I54: 40.515977 | J54: =$J$76 -> 0 | K54: =I54*(1-J54) -> 40.515977 | L54: =K54*F54 -> 4411.3796
A55: 3.3.2 | B55: SINAPI | C55: 99814 | D55: LIMPEZA DE SUPERFÍCIE COM JATO DE ALTA PRESSÃO. AF_04/2019 | E55: M2 | F55: 108.88 | I55: 2.182508 | J55: =$J$76 -> 0 | K55: =I55*(1-J55) -> 2.182508 | L55: =K55*F55 -> 237.63147
A56: 3.3.3 | B56: Composição | C56: 012 | D56: ET 64.05.0050 (/) - ADAPTADO Aplicacao com Air Less de inibidor de corrosao Sika Ferrogard-903 ou similar em estrutura de comcreto armado nos servicos de recuperacao estrutural. Exclusive limpeza da estrutura.(desonerado) | E56: M2 | F56: 21.78 | I56: 46.733587 | J56: =$J$76 -> 0 | K56: =I56*(1-J56) -> 46.733587 | L56: =K56*F56 -> 1017.8575
A57: 3.3.4 | B57: SINAPI | C57: 83736 | D57: REPARO/COLAGEM DE ESTRUTURAS DE CONCRETO COM ADESIVO ESTRUTURAL A BASE DE EPOXI, E=2 MM | E57: M2 | F57: 108.88 | I57: 252.2827 | J57: =$J$76 -> 0 | K57: =I57*(1-J57) -> 252.2827 | L57: =K57*F57 -> 27468.54
A58: 3.3.5 | B58: SINAPI | C58: 83730 | D58: REPARO ESTRUTURAL DE ESTRUTURAS DE CONCRETO COM ARGAMASSA POLIMERICA DE ALTO DESEMPENHO, E=2 CM | E58: M2 | F58: 108.88 | I58: 270.40259 | J58: =$J$76 -> 0 | K58: =I58*(1-J58) -> 270.40259 | L58: =K58*F58 -> 29441.434
A59: 3.3.6 | B59: Composição | C59: 016 | D59: 74245/001 - ADAPTADA - PINTURA ACRILICA EM CONCRETO - DUAS DEMÃOS | E59: M2 | F59: 235.6 | I59: 20.530802 | J59: =$J$76 -> 0 | K59: =I59*(1-J59) -> 20.530802 | L59: =K59*F59 -> 4837.057
A60: 4 | B60: IMPERMEABILIZAÇÃO E DRENAGEM | N60: =SUM(M61) -> 39241.279
A61: 4.1 | B61: IMPERMEABILIZAÇÃO E DRENAGEM | M61: =SUM(L62:L67) -> 39241.279
A62: 4.1.1 | B62: Composição | C62: 003 | D62: SBC 21149 ADAPTADA - REPARO LAJE C/ CORTE E RETIRADA DE MANTA | E62: M² | F62: 223.5 | I62: 102.47636 | J62: =$J$76 -> 0 | K62: =I62*(1-J62) -> 102.47636 | L62: =K62*F62 -> 22903.467
A63: 4.1.2 | B63: SINAPI | C63: 99814 | D63: LIMPEZA DE SUPERFÍCIE COM JATO DE ALTA PRESSÃO. AF_04/2019 | E63: M2 | F63: 236 | I63: 2.182508 | J63: =$J$76 -> 0 | K63: =I63*(1-J63) -> 2.182508 | L63: =K63*F63 -> 515.07189
A64: 4.1.3 | B64: SINAPI | C64: 83534 | D64: LASTRO DE CONCRETO, PREPARO MECÂNICO, INCLUSOS ADITIVO IMPERMEABILIZANTE, LANÇAMENTO E ADENSAMENTO | E64: M3 | F64: 4.72 | I64: 651.9862 | J64: =$J$76 -> 0 | K64: =I64*(1-J64) -> 651.9862 | L64: =K64*F64 -> 3077.3749
A65: 4.1.4 | B65: Composição | C65: 008 | D65: 74245/001 - ADAPTADA - PINTURA ACRILICA EM CONCRETO - QUATRO DEMÃOS | E65: M2 | F65: 236 | I65: 41.086982 | J65: =$J$76 -> 0 | K65: =I65*(1-J65) -> 41.086982 | L65: =K65*F65 -> 9696.5278
A66: 4.1.5 | B66: Composição | C66: 004 | D66: SBC 200076 - ADAPTADA - DESCIDA ÁGUAS PLUVIAIS - PRUMADA COM CORRENTE DE AÇO | E66: M | F66: 14 | I66: 75.055435 | J66: =$J$76 -> 0 | K66: =I66*(1-J66) -> 75.055435 | L66: =K66*F66 -> 1050.7761
A67: 4.1.6 | B67: SINAPI | C67: 94229 | D67: CALHA EM CHAPA DE AÇO GALVANIZADO NÚMERO 24, DESENVOLVIMENTO DE 100 CM, INCLUSO TRANSPORTE VERTICAL. AF_06/2016 | E67: M | F67: 12 | I67: 166.50506 | J67: =$J$76 -> 0 | K67: =I67*(1-J67) -> 166.50506 | L67: =K67*F67 -> 1998.0607
A68: 5 | B68: TELHADO | N68: =SUM(M69) -> 76356.435
A69: 5.1 | B69: TELHADO | M69: =SUM(L70:L71) -> 76356.435
A70: 5.1.1 | B70: Composição | C70: 015 | D70: Cobertura translucida, cristal, branca leitosa ou cores basicas, perfil trapezoidal ou ondulada, de resina de poliester reforcada com fibra de vidro, com aditivo estabilizante contra degradacao dos raios U.V., estruturada com veu interno de poliester, espessura de 1,5mm, para uso onde se requer iluminacao natural controlada e privilegia-se: a resistencia e a luz difratada, larguras uteis de 990mm e 1020mm, respectivamente, comprimento ate 6,00m, incluindo os acessorios para fixacao, Facil & Rapido ou similar. Fornecimento e colocacao. | E70: M2 | F70: 87 | I70: 98.250927 | J70: =$J$76 -> 0 | K70: =I70*(1-J70) -> 98.250927 | L70: =K70*F70 -> 8547.8306
A71: 5.1.2 | B71: Composição | C71: 001 | D71: ESTRUTURA EM ACO TUBULAR PARA COBERTURA COM TELHA TRANSLÚCIDA | E71: m² | F71: 84.86 | I71: 799.0644 | J71: =$J$76 -> 0 | K71: =I71*(1-J71) -> 799.0644 | L71: =K71*F71 -> 67808.605
A72: 6 | B72: SERVIÇOS COMPLEMENTARES | N72: =SUM(M73) -> 3356.4232
A73: 6.1 | B73: SERVIÇOS COMPLEMENTARES | M73: =SUM(L74:L75) -> 3356.4232
A74: 6.1.1 | B74: SINAPI | C74: 99802 | D74: LIMPEZA DE PISO CERÂMICO OU PORCELANATO COM VASSOURA A SECO. AF_04/2019 | E74: M2 | F74: 730 | I74: 0.609072 | J74: =$J$76 -> 0 | K74: =I74*(1-J74) -> 0.609072 | L74: =K74*F74 -> 444.62256
A75: 6.1.2 | B75: SINAPI | C75: 99805 | D75: LIMPEZA DE PISO CERÂMICO OU COM PEDRAS RÚSTICAS UTILIZANDO ÁCIDO MURIÁTICO. AF_04/2019 | E75: M2 | F75: 235.6 | I75: 12.359086 | J75: =$J$76 -> 0 | K75: =I75*(1-J75) -> 12.359086 | L75: =K75*F75 -> 2911.8007
A76: PERCENTUAL DE DESCONTO E TOTAL GERAL DO ORÇAMENTO | J76: 0 | M76: =SUM(N10:N75) -> 374557.84
A77: Local e data: | G77: Responsável legal pela empresa:
A78: Responsável Técnico pelo Orçamento: | E78: CREA/CAU:
A79: OBSERVAÇÃO | B79: - Referência SINAPI (desonerado e/ou onerado): Jun/2019
B80: - Incluso BDI sobre preço unitário de: 26,89 %
B82: As composições que não constam no SINAPI, procedeu-se a obtenção da composição em outra fonte e utilizou-se como base de cálculo os insumos do SINAPI.
B83: No caso de não haver o insumo no SINAPI, foi mantido a referência de valor indicada na composição do SCO
B84: - A planilha deve ser assinada pelo responsável técnico pela sua confecção (Art. 14 Lei 5.194/66), identificado através de carimbo com número do CREA e pelo representante legal da empresa, com carimbo do CNPJ.

Sheet Cronograma
A1: ANEXO V-A DO EDITAL DE LICITAÇÃO POR RDC ELETRÔNICO N.º 12/2019/AD
A2: (razão social da empresa licitante)
A3: (n.º do CNPJ)
A4: MODELO DE PLANILHA DE ORÇAMENTO PARA EXECUÇÃO DE OBRA POR EMPREITADA POR PREÇO UNITÁRIO
A5: OBRA: Recuperação da laje de cobertura do passadiço, pilares e vigas e substituição do telhado de cobertura do passadiço da Escola de Engenharia Industrial e Metalurgica de Volta Redonda - EEIMVR
A6: LOCAL: Avenida dos Trabalhadores, 420, Vila Santa Cecília. Volta Redonda - RJ (CEP 27255-125)
A8: ITEM | B8: DISCRIMINAÇÃO DO SERVIÇO | C8: VALOR (R$) | D8: % | E8: MÊS | K8: SALDO (R$)
E9: MÊS 1 | F9: MÊS 2 | G9: MÊS 3 | H9: MÊS 4 | I9: MÊS 5 | J9: MÊS 6
A10: 01 | B10: ADMINISTRAÇÃO DA OBRA | C10: =Orçamento!$N$11 -> 62762.814 | D10: =C10/C$32 -> 0.16756508
E11: =$C10/5 -> 12552.563 | F11: =$C10/5 -> 12552.563 | G11: =$C10/5 -> 12552.563 | H11: =$C10/5 -> 12552.563 | I11: =$C10/5 -> 12552.563 | K11: =$C$32-SUM(E11:J11) -> 311795.02
A12: 02 | B12: SERVIÇOS PRELIMINARES | C12: =Orçamento!$N$16 -> 54097.104
A13: 2.1 | B13: Demolições e retiradas | C13: =Orçamento!$M$17 -> 5885.5831 | D13: =C13/C$32 -> 0.015713416
E14: =$C13*0.2 -> 1177.1166 | F14: =$C13*0.085 -> 500.27456 | G14: =$C13*0.01 -> 58.855831 | I14: =$C13*0.705 -> 4149.3361 | K14: =K11-SUM(E14:J14) -> 305909.44
A15: 2.2 | B15: Sinalização e instalações provisórias | C15: =Orçamento!$M$23 -> 47780.784 | D15: =C15/C$32 -> 0.12756584
E16: =$C15*0.2 -> 9556.1567 | F16: =$C15*0.2 -> 9556.1567 | G16: =$C15*0.2 -> 9556.1567 | H16: =$C15*0.2 -> 9556.1567 | I16: =$C15*0.2 -> 9556.1567 | K16: =K14-SUM(E16:J16) -> 258128.66
A17: 2.3 | B17: Destinação final de entulho | C17: =Orçamento!$M$30 -> 430.73762 | D17: =C17/C$32 -> 0.0011499896
J18: =C17 -> 430.73762 | K18: =K16-SUM(E18:J18) -> 257697.92
A19: 03 | B19: RECUPERAÇÃO | C19: =Orçamento!$N$32 -> 138743.78
A20: 3.1 | B20: Vigas | C20: =Orçamento!$M$33 -> 34510.837 | D20: =C20/C$32 -> 0.09213754
F21: =$C20*0.94 -> 32440.187 | I21: =$C20*0.06 -> 2070.6502 | K21: =K18-SUM(E21:J21) -> 223187.08
A22: 3.2 | B22: Pilares | C22: =Orçamento!$M$45 -> 36819.043 | D22: =C22/C$32 -> 0.098300021
G23: =$C22*0.9 -> 33137.139 | I23: =$C22*0.1 -> 3681.9043 | K23: =K21-SUM(E23:J23) -> 186368.04
A24: 3.3 | B24: Lajes | C24: =Orçamento!$M$53 -> 67413.9 | D24: =C24/C$32 -> 0.17998262
E25: =$C24*0.85 -> 57301.815 | I25: =$C24*0.15 -> 10112.085 | K25: =K23-SUM(E25:J25) -> 118954.14
A26: 04 | B26: IMPERMEABILIZAÇÃO E DRENAGEM | C26: =Orçamento!$N$60 -> 39241.279 | D26: =C26/C$32 -> 0.10476694
H27: =$C26*0.5 -> 19620.639 | I27: =$C26*0.5 -> 19620.639 | K27: =K25-SUM(E27:J27) -> 79712.859
A28: 05 | B28: TELHADO | C28: =Orçamento!$N$68 -> 76356.435 | D28: =C28/C$32 -> 0.20385753
I29: =$C28*0.5 -> 38178.218 | J29: =$C28*0.5 -> 38178.218 | K29: =K27-SUM(E29:J29) -> 3356.4232
A30: 06 | B30: SERVIÇOS COMPLEMENTARES | C30: =Orçamento!$N$72 -> 3356.4232 | D30: =C30/C$32 -> 0.0089610279
J31: =$C30*1 -> 3356.4232 | K31: =K29-SUM(E31:J31) -> 9.5496944e-12
B32: TOTAL ORÇADO | C32: =C10+C12+C19+C26+C28+C30 -> 374557.84 | D32: =SUM(D10:D31) -> 1
B33: TOTAL MENSAL | E33: =SUM(E11:E31) -> 80587.651 | F33: =SUM(F11:F31) -> 55049.181 | G33: =SUM(G11:G31) -> 55304.714 | H33: =SUM(H11:H31) -> 41729.359 | I33: =SUM(I11:I31) -> 99921.552 | J33: =SUM(J11:J31) -> 41965.379
B34: VALOR ACUMULADO | E34: =E33 -> 80587.651 | F34: =E34+F33 -> 135636.83 | G34: =F34+G33 -> 190941.55 | H34: =G34+H33 -> 232670.91 | I34: =H34+I33 -> 332592.46 | J34: =I34+J33 -> 374557.84
B35: % MENSAL | E35: =E33/C32 -> 0.21515409 | F35: =F33/$C$32 -> 0.14697111 | G35: =G33/$C$32 -> 0.14765334 | H35: =H33/$C$32 -> 0.11140965 | I35: =I33/$C$32 -> 0.26677202 | J35: =J33/$C$32 -> 0.11203978
B36: % ACUMULADO | E36: =E35 -> 0.21515409 | F36: =E36+F35 -> 0.3621252 | G36: =F36+G35 -> 0.50977854 | H36: =G36+H35 -> 0.62118819 | I36: =H36+I35 -> 0.88796022 | J36: =I36+J35 -> 1
A37: Local e data: | F37: responsável legal da empresa (assinatura e carimbo):
A38: Responsável Técnico pelo Orçamento: | E38: CREA/CAU:
A39: OBSERVAÇÃO
B40: - A planilha deve ser assinada pelo responsável técnico pela sua confecção (Art. 14 Lei 5.194/66), identificado através de carimbo com número do CREA/CAU
